 Dungeon Crawl Stone Soup version 0.21-a0-185-g3a6ed1e (webtiles) character file.

252800 MirrMurr the Imperceptible (level 18, -5/94 HPs)
             Began as a Spriggan Enchanter on Aug 9, 2017.
             Was a High Priest of Okawaru.
             Slain by a vampiric glaive (26 damage)
             ... on level 2 of the Elven Halls on Aug 12, 2017.
             The game lasted 04:25:06 (56277 turns).

MirrMurr the Imperceptible (Spriggan Enchanter)    Turns: 56277, Time: 04:25:07

Health: -5/94      AC: 14    Str: 10    XL:     18   Next: 97%
Magic:  42/42      EV: 29    Int: 16    God:    Okawaru [*****.]
Gold:   770        SH: 12    Dex: 26    Spells: 4/38 levels left

rFire    . . .     SeeInvis +   a - +8 dagger (elec)
rCold    . . .     Gourm    .   x - +3 buckler
rNeg     . . .     Faith    .   Z - +4 swamp dragon scales
rPois    +         Spirit   .   H - +2 hat
rElec    +         Reflect  .   q - scarf of Dishonour {+Inv rElec Regen+ Dex+2}
rCorr    .         Harm     .   (gloves unavailable)
MR       +++..                  (boots unavailable)
Stlth    ++++++++..             u - amulet of regeneration
HPRegen  1.05/turn              l - ring of stealth
MPRegen  0.28/turn              G - ring "Qat Ber" {MP+9 Dex+5}

@: about to teleport, heavily drained, very quick
A: unfitting armour, see invisible, herbivore 3, speed 3, slow metabolism 2
}: 2/15 runes: decaying, serpentine
a: Heroism, Finesse, Renounce Religion, Evoke Invisibility


You were on level 2 of the Elven Halls.
You worshipped Okawaru.
Okawaru was extremely pleased with you.
You were not hungry.

You visited 6 branches of the dungeon, and saw 33 of its levels.
You also visited: Bailey.

You collected 3104 gold pieces.
You spent 2334 gold pieces at shops.

Inventory:

Hand Weapons
 a - a +8 dagger of electrocution (weapon)
 b - a +2 fustibalus of flaming
 w - a +0 blowgun
 D - a +1 vampiric lajatang
 Y - a +2 lajatang of speed
Missiles
 d - a throwing net {!f}
 k - 849 stones (quivered)
 m - 130 sling bullets
 N - 5 curare-tipped needles
Armour
 q - the scarf of Dishonour (worn) {+Inv rElec Regen+ Dex+2}
   (Okawaru gifted it to you on level 2 of the Snake Pit)

   It affects your dexterity (+2).
   It insulates you from electricity.
   It lets you turn invisible.
   It increases your rate of regeneration.
 x - a +3 buckler (worn)
 H - a +2 hat (worn)
 Z - +4 swamp dragon scales (worn)
Jewellery
 j - an uncursed ring of flight
 l - a ring of stealth (left hand)
 u - an amulet of regeneration (around neck)
 G - the ring "Qat Ber" (right hand) {MP+9 Dex+5}
   (You found it on level 5 of the Lair of Beasts)

   [ring of magical power]

   It affects your dexterity (+5).
   It affects your magic capacity (+9).
Wands
 o - a wand of clouds (6/9)
 z - a wand of disintegration (6/24)
 C - a wand of lightning (9/15)
 E - a wand of acid (3/15)
 W - a wand of paralysis (10/24)
 X - a wand of iceblast (5/15)
Scrolls
 e - 4 scrolls of fear
 n - a scroll of fog
 p - 4 scrolls of immolation
 r - 9 scrolls of remove curse
 y - 3 scrolls of enchant armour
 F - 3 scrolls of recharging
 K - 5 scrolls of summoning
 L - 3 scrolls of blinking
 O - 5 scrolls of magic mapping
 P - 7 scrolls of teleportation
Potions
 c - 3 potions of resistance
 g - 18 potions of curing
 h - 2 potions of ambrosia
 s - 2 potions of heal wounds
 t - 4 potions of haste
 v - 3 potions of brilliance
 A - 5 potions of flight
 B - 3 potions of agility
 I - a potion of invisibility
 J - a potion of mutation
 Q - 8 potions of berserk rage
 U - a potion of cancellation
 V - 2 potions of might
Books
 i - the Handbook of Confrontation
   (You found it on level 1 of the Elven Halls)

   Spells                             Type                      Level
   a - Flame Tongue                   Conjuration/Fire             1
   b - Magic Dart                     Conjuration                  1
   c - Throw Frost                    Conjuration/Ice              2
   d - Static Discharge               Conjuration/Air              3
   e - Throw Icicle                   Conjuration/Ice              4
   f - Venom Bolt                     Conjuration/Poison           5
Miscellaneous
 M - a box of beasts
 R - a sack of spiders
 S - a phial of floods
Comestibles
 f - 17 royal jellies
 T - 15 bread rations


   Skills:
 - Level 10.2(8.8) Fighting
 - Level 10.2(8.8) Short Blades
 * Level 5.4(4.2) Staves
 - Level 14.2(12.6) Slings
 - Level 4.7(3.4) Armour
 - Level 15.0(13.4) Dodging
 + Level 21.4(19.6) Stealth
 + Level 6.6(5.3) Shields
 - Level 10.7(9.2) Spellcasting
 - Level 5.1(3.9) Conjurations
 - Level 13.7(12.2) Hexes
 - Level 5.3(4.0) Summonings
 - Level 6.5(5.2) Translocations
 - Level 2.4(1.2) Air Magic
 - Level 3.4(2.2) Poison Magic
 - Level 12.1(10.6) Invocations


You had 4 spell levels left.
You knew the following spells:

 Your Spells              Type           Power        Failure   Level  Hunger
a - Ensorcelled Hibernat  Hex/Ice        ####..       3%          2    None
b - Confuse               Hex            #####...     1%          3    #......
c - Tukima's Dance        Hex            #####...     1%          3    #......
d - Dazzling Spray        Conj/Hex       ####..       3%          3    #......
e - Poisonous Vapours     Pois/Air       ##....       21%         2    None
f - Summon Butterflies    Summ           ###.....     4%          1    None
g - Summon Mana Viper     Hex/Summ       ####....     26%         5    #####..
h - Passwall              Tmut/Erth      #.........   38%         2    None
i - Invisibility          Hex            #####...     26%         6    ######.
j - Passage of Golubria   Tloc           N/A          30%         4    ###....
m - Mephitic Cloud        Conj/Pois/Air  ###.....     30%         3    #......


Dungeon Overview and Level Annotations

Branches:
Dungeon (15/15)            Temple (0/1) D:4            Lair (6/6) D:8
  Swamp (4/4) Lair:3        Snake (4/4) Lair:4        Slime (0/5) Lair:5
    Orc (2/2) D:9             Elf (2/3) Orc:2        Vaults (0/5) D:14
 Depths (0/5) D:15

Altars:
Ashenzari
Cheibriados
Elyvilon
Fedhas
Kikubaaqudgha
Nemelex Xobeh
Okawaru
Qazlal
Ru
Sif Muna
Trog
Wu Jian
Xom
The Shining One

Shops:
D:10 (   D:13 ?   Orc:1 *   Orc:2 !?:=   Snake:1 ((%   Snake:3 :

Portals:
Trove: Elf:1 (give 13 potions of heal wounds)

Annotations:
D:10 GordonOverkill's ghost, novice DgGl
Lair:3 exclusion: oklob plant
Lair:4 exclusion: oklob plant


Innate Abilities, Weirdness & Mutations

You are very small and have problems with some larger weapons.
You are too small for most types of armour.
You have supernaturally acute eyesight. (SInv)
You are a herbivore.
You cover ground extremely quickly.
You need consume almost no food.


Message History

You hit the war axe of draining but do no damage.
The deep elf mage gestures wildly while chanting.
The deep elf mage blinks!
The fire elemental hits you. The fire elemental burns you!
* * * LOW HITPOINT WARNING * * *
Unknown command.
As you read the scroll of teleportation, it crumbles to dust.
You feel strangely unstable.
You block the war axe of draining's attack.
The vampiric glaive hits you from afar.
* * * LOW HITPOINT WARNING * * *
The fire elemental barely misses you.
The deep elf mage mumbles some strange words.
The deep elf mage blinks!
The deep elf mage gestures wildly while chanting.
The deep elf mage blinks!
You block the vampiric glaive's attack.
The deep elf mage gestures wildly while chanting.
The deep elf mage blinks!
The vampiric glaive hits you from afar!!
You die...

###### .....# .# .....
... ..§.# #..# #...###
#..## #.#...## ##..####
#.#....#### ##......##
#.(@.......
.........#####.E......##
.....(...(..)(§(........
......(.e(.###§##..###.#
.......)..#.##§# ### .
##...<.)#..#.#.#
..>.######..#..#
...........%....
####...######§..#


You could see a fire elemental and 2 dancing weapons.

Vanquished Creatures
  Saint Roka (Snake:3)
  Nikola (Elf:1)
  Jorgrun (Snake:2)
  Rupert (Lair:4)
  Agnes (Snake:1)
  A sphinx (shapeshifter) (D:15)
  Kirke (Snake:2)
  Donald (Orc:2)
  An azure jelly (Swamp:4)
  9 nagarajas (Snake:4)
  An orc warlord (Orc:1)
  Aizul (Snake:3)
  2 deep elf sorcerers (Elf:1)
  3 deep elf elementalists
  The ghost of Helio the Unseen, a journeyman SpEn of Dithmenos (Elf:1)
  A deep elf annihilator (Elf:1)
  Josephine (Lair:5)
  The ghost of Oki the Jinx, a journeyman OpEn of Kikubaaqudgha (D:12)
  5 ogre magi
  3 ice dragons
  Fannar (Orc:1)
  14 naga warriors
  2 vault guards (D:14)
  10 hydras
  Erica (D:10)
  2 catoblepae
  14 anacondas
  2 centaur warriors
  18 two-headed ogres
  A tengu warrior (D:15)
  9 alligators
  A deep troll shaman (Lair:6)
  6 shock serpents
  6 dancing weapons
  2 deep elf knights (Elf:1)
  7 death yaks
  11 naga sharpshooters
  Urug (Orc:1)
  Sonja (D:10)
  A wizard (D:14)
  4 shambling mangroves
  A glowing orange brain (D:15)
  7 naga ritualists
  6 deep elf archers
  5 swamp dragons
  A necromancer (D:14)
  13 mana vipers
  An orc sorcerer (Orc:2)
  19 deep elf magi (Elf:1)
  3 cyclopes
  5 orc knights
  A salamander (shapeshifter) (D:15)
  4 manticores
  6 salamanders
  12 ugly things
  25 elephants
  30 black mambas
  19 guardian serpents
  2 centaur zombies
  24 naga magi
  2 gargoyles
  2 torpor snails
  12 spiny frogs
  A guardian serpent (shapeshifter) (D:15)
  An ice statue (Lair:5)
  4 rime drakes
  8 komodo dragons
  An efreet (D:15)
  3 freezing wraiths
  A tengu conjurer (D:15)
  2 kobold demonologists
  A wind drake (shapeshifter) (D:15)
  4 polar bears
  4 trolls
  19 blink frogs
  6 tyrant leeches
  12 hornets
  Prince Ribbit (D:5)
  36 slime creatures
  3 dream sheep (Lair:5)
  10 bog bodies
  4 hippogriffs
  An air elemental (Elf:1)
  A spriggan (shapeshifter) (Elf:1)
  6 spriggans
  31 yaks
  2 water elementals (Elf:1)
  6 wraiths
  3 wyverns
  A redback (shapeshifter) (D:15)
  2 basilisks
  8 hogs
  3 shadows
  A hog (shapeshifter) (Elf:2)
  22 humans
  A swamp worm simulacrum (Swamp:4)
  A golden eye (shapeshifter) (D:13)
  A steam dragon (D:12)
  15 vampire mosquitoes
  4 hungry ghosts
  13 swamp worms
  7 wargs
  Menkaure (D:4)
  60 nagas
  10 insubstantial wisps
  Edmund (D:4)
  An acid dragon (D:12)
  13 hydra simulacra (Swamp:4)
  A water moccasin (shapeshifter) (D:15)
  10 porcupines
  17 water moccasins
  A meliai simulacrum (D:11)
  43 orc warriors
  5 swamp drakes
  6 ice beasts
  2 black bears
  3 phantoms
  16 wolves
  A sky beast (D:12)
  36 ogres
  8 centaurs
  10 crocodiles
  A big kobold (D:7)
  Blork the orc (D:4)
  19 bullfrogs
  An earth elemental (Elf:1)
  2 wyvern zombies
  4 scorpions
  A wyvern skeleton (D:13)
  A hornet simulacrum (D:13)
  8 wights
  2 electric eels
  6 howler monkeys
  5 crimson imps
  A bullfrog zombie (D:6)
  A quasit (D:11)
  12 hounds
  26 orc wizards
  18 orc priests
  Crazy Yiuf (D:4)
  2 jellies
  4 centaur skeletons
  3 iguanas
  Terence (D:2)
  6 worker ants
  A hound zombie (D:6)
  3 hound skeletons
  Robin (D:2)
  8 gnolls
  11 adders
  2 shadow imps
  5 white imps (Lair:5)
  7 swamp drake simulacra (Swamp:4)
  2 adder skeletons
  7 worms
  4 dart slugs
  A leopard gecko (D:2)
  118 orcs
  A ball python (D:4)
  3 bats
  A bat zombie (D:2)
  5 giant cockroaches
  9 hobgoblins
  4 jackals
  12 kobolds
  2 quokkas
  5 frilled lizards
  14 goblins
  A jackal zombie (D:5)
  3 quokka skeletons
  8 rats
  3 rat zombies (D:2)
  A fungus (Lair:3)
  A plant (Lair:6)
1215 creatures vanquished.

Vanquished Creatures (collateral kills)
  A two-headed ogre (D:9)
  3 wights
4 creatures vanquished.

Vanquished Creatures (others)
  A thorn hunter (Swamp:4)
  An azure jelly (Swamp:4)
  A swamp dragon (Swamp:4)
  A deep elf mage (Elf:1)
  2 dancing weapons (D:8)
  A fire elemental (Elf:2)
  21 fungi
  9 plants
37 creatures vanquished.

Grand Total: 1256 creatures vanquished

Notes
Turn   | Place    | Note
-------+----------+-------------------------------------------
     0 | D:1      | MirrMurr the Spriggan Enchanter began the quest for the Orb.
     0 | D:1      | Reached XP level 1. HP: 9/9 MP: 5/5
   271 | D:1      | Reached XP level 2. HP: 13/13 MP: 7/7
   275 | D:1      | Learned a level 2 spell: Ensorcelled Hibernation
   766 | D:2      | Found an iron altar of Okawaru.
   779 | D:2      | Became a worshipper of Warmaster Okawaru
   935 | D:2      | Noticed Robin
  1143 | D:2      | Reached XP level 3. HP: 16/16 MP: 9/9
  1157 | D:2      | Learned a level 3 spell: Confuse
  1161 | D:2      | Learned a level 3 spell: Tukima's Dance
  1191 | D:2      | Killed Robin
  1404 | D:2      | Noticed Terence
  1411 | D:2      | Killed Terence
  1411 | D:2      | Reached XP level 4. HP: 17/21 MP: 11/11
  1647 | D:2      | Reached skill level 5 in Stealth
  1743 | D:2      | Found an ancient bone altar of Kikubaaqudgha.
  2268 | D:3      | Reached skill level 5 in Spellcasting
  2349 | D:3      | Found a shimmering altar of Xom.
  2356 | D:3      | Reached XP level 5. HP: 24/24 MP: 8/13
  2360 | D:3      | Found a shimmering altar of Xom.
  2361 | D:3      | Found a shimmering altar of Xom.
  2516 | D:3      | Reached * piety under Okawaru
  3031 | D:4      | Noticed Menkaure
  3035 | D:4      | Killed Menkaure
  3035 | D:4      | Reached skill level 6 in Stealth
  3035 | D:4      | Reached skill level 5 in Hexes
  3035 | D:4      | Reached skill level 1 in Invocations
  3035 | D:4      | Reached XP level 6. HP: 28/28 MP: 16/16
  3076 | D:4      | Noticed Blork the orc
  3109 | D:4      | Found a staircase to the Ecumenical Temple.
  3376 | D:4      | Found a bloodstained altar of Trog.
  3376 | D:4      | Found a shattered altar of Ashenzari.
  3376 | D:4      | Found a sparkling altar of Nemelex Xobeh.
  3388 | D:4      | Found a deep blue altar of Sif Muna.
  3391 | D:4      | Found a glowing golden altar of the Shining One.
  3461 | D:4      | Found a white marble altar of Elyvilon.
  3466 | D:4      | Noticed Edmund
  3492 | D:4      | Learned a level 3 spell: Dazzling Spray
  3498 | D:4      | Killed Edmund
  3498 | D:4      | Reached XP level 7. HP: 27/32 MP: 4/18
  3537 | D:4      | Killed Blork the orc
  3537 | D:4      | Reached ** piety under Okawaru
  3868 | D:4      | Found a runed door.
  3872 | D:4      | Noticed Crazy Yiuf
  3883 | D:4      | Killed Crazy Yiuf
  4069 | D:5      | Entered Level 5 of the Dungeon
  4281 | D:5      | Noticed Prince Ribbit
  4840 | D:5      | Reached skill level 7 in Stealth
  5091 | D:5      | Found an ornate altar of the Wu Jian Council.
  5229 | D:5      | Killed Prince Ribbit
  5229 | D:5      | Reached XP level 8. HP: 32/36 MP: 2/21
  5366 | D:6      | Noticed a hornet
  5370 | D:6      | Killed a hornet
  5469 | D:6      | Reached skill level 8 in Stealth
  6092 | D:6      | Reached *** piety under Okawaru
  6262 | D:6      | Found a sacrificial altar of Ru.
  6799 | D:7      | Reached skill level 9 in Stealth
  6948 | D:7      | Reached XP level 9. HP: 38/39 MP: 19/23
  7439 | D:7      | Reached skill level 5 in Dodging
  7492 | D:7      | Found a snail-covered altar of Cheibriados.
  7708 | D:7      | Reached skill level 5 in Invocations
  7710 | D:7      | Reached **** piety under Okawaru
  7712 | D:7      | Reached skill level 10 in Stealth
  8286 | D:8      | Reached skill level 11 in Stealth
  8394 | D:8      | Found a staircase to the Lair.
  8597 | D:8      | Reached XP level 10. HP: 43/44 MP: 2/24
 10377 | D:9      | Noticed a two-headed ogre
 10385 | D:9      | Killed a two-headed ogre
 10385 | D:9      | Reached ***** piety under Okawaru
 10390 | D:9      | Found a stormy altar of Qazlal.
 10629 | D:9      | Reached skill level 12 in Stealth
 10965 | D:9      | Found a staircase to the Orcish Mines.
 11098 | D:10     | Entered Level 10 of the Dungeon
 11111 | D:10     | Noticed Erica
 11115 | D:10     | Killed Erica
 11115 | D:10     | Received a gift from Okawaru
 11249 | D:10     | Noticed Sonja
 11290 | D:10     | Found Oskax's Weapon Shop.
 11766 | D:10     | Noticed GordonOverkill's ghost (novice DgGl)
 11930 | D:10     | Reached skill level 10 in Dodging
 12245 | D:10     | Killed Sonja
 12245 | D:10     | Reached skill level 13 in Stealth
 12245 | D:10     | Reached XP level 11. HP: 47/47 MP: 21/25
 12830 | D:11     | Learned a level 2 spell: Poisonous Vapours
 13348 | D:11     | Noticed a red ugly thing
 13355 | D:11     | Killed a red ugly thing
 13355 | D:11     | Reached skill level 5 in Short Blades
 14116 | Lair:1   | Entered Level 1 of the Lair of Beasts
 14179 | Lair:1   | Received a gift from Okawaru
 14182 | Lair:1   | thx for +2 elec dagger, O Oka
 14187 | Lair:1   | Learned a level 3 spell: Mephitic Cloud
 14372 | Lair:1   | Reached skill level 14 in Stealth
 15977 | Lair:1   | Reached XP level 12. HP: 30/51 MP: 23/26
 15979 | Lair:1   | Reached skill level 10 in Spellcasting
 16107 | Lair:2   | Noticed a four-headed hydra
 16245 | Lair:2   | Killed a four-headed hydra
 16245 | Lair:2   | Reached ****** piety under Okawaru
 16452 | Lair:2   | Got a translucent rapier
 16480 | Lair:2   | Identified the cursed +1 rapier of the End of Times {pierce, *Rage Fragile rF+ Int+5} (You found it on level 2 of the Lair of Beasts)
 16828 | Lair:3   | Reached skill level 1 in Fighting
 17159 | Lair:3   | Reached skill level 15 in Stealth
 17189 | Lair:3   | Noticed a death yak
 17244 | Lair:3   | Killed a death yak
 17339 | Lair:3   | Noticed a death yak
 17342 | Lair:3   | Noticed a death yak
 17373 | Lair:3   | Killed a death yak
 17397 | Lair:3   | Killed a death yak
 17480 | Lair:3   | Received a gift from Okawaru
 17515 | Lair:3   | Found an ornate altar of the Wu Jian Council.
 17636 | Lair:3   | Noticed a six-headed hydra
 17695 | Lair:3   | Killed a six-headed hydra
 18415 | Lair:3   | Reached skill level 10 in Invocations
 18522 | Lair:3   | Reached skill level 16 in Stealth
 18850 | Lair:3   | Found a staircase to the Swamp.
 19097 | Lair:4   | Noticed Rupert
 19133 | Lair:4   | Killed Rupert
 19133 | Lair:4   | Reached skill level 1 in Conjurations
 19133 | Lair:4   | Reached XP level 13. HP: 53/61 MP: 23/28
 19288 | Lair:4   | Found a stormy altar of Qazlal.
 19341 | Lair:4   | Found a blossoming altar of Fedhas.
 19451 | Lair:4   | Found a staircase to the Snake Pit.
 19700 | Lair:4   | Received a gift from Okawaru
 20399 | Lair:5   | Found a stormy altar of Qazlal.
 20515 | Lair:5   | Reached skill level 5 in Fighting
 20895 | Lair:5   | Got a polished scarf
 20951 | Lair:5   | Learned a level 1 spell: Summon Butterflies
 20957 | Lair:5   | Learned a level 5 spell: Summon Mana Viper
 21103 | Lair:5   | Identified the cursed scarf "Neck" {rN+ MR++} (You found it on level 5 of the Lair of Beasts)
 21297 | Lair:5   | Found a staircase to the Slime Pits.
 21557 | Lair:5   | Reached skill level 17 in Stealth
 21709 | Lair:5   | Reached skill level 10 in Short Blades
 21837 | Lair:5   | Upgraded the game from 0.21-a0-178-g0b87683 to 0.21-a0-184-g9126a74
 22177 | Lair:6   | Entered Level 6 of the Lair of Beasts
 22203 | Lair:6   | Noticed Josephine
 22218 | Lair:5   | Killed Josephine
 22385 | Lair:6   | HP: 3/63 [rime drake/flash freeze (17)]
 23709 | Lair:6   | Received a gift from Okawaru
 24619 | Lair:6   | Reached XP level 14. HP: 68/68 MP: 26/29
 24752 | Lair:6   | Reached skill level 18 in Stealth
 25602 | Lair:6   | Reached skill level 1 in Slings
 25980 | Lair:6   | Received a gift from Okawaru
 25980 | Lair:6   | Reached skill level 5 in Conjurations
 27205 | D:12     | Noticed Oki's ghost (journeyman OpEn)
 27229 | D:12     | Killed Oki's ghost
 27229 | D:12     | Reached skill level 1 in Summonings
 27773 | D:12     | Reached skill level 5 in Slings
 28288 | D:13     | Found Ruvaibbu's Magic Scroll Shoppe.
 28298 | D:13     | Bought a scroll of fear for 59 gold pieces
 28298 | D:13     | Bought a scroll of fear for 59 gold pieces
 28298 | D:13     | Bought a scroll of identify for 34 gold pieces
 28298 | D:13     | Bought a scroll of identify for 34 gold pieces
 28298 | D:13     | Bought a scroll of summoning for 161 gold pieces
 28298 | D:13     | Bought a scroll of enchant armour for 127 gold pieces
 28369 | D:13     | Found a flagged portal.
 28378 | Bailey   | Entered a bailey
 29262 | Bailey   | Received a gift from Okawaru
 30313 | D:13     | Received a gift from Okawaru
 31013 | D:14     | Reached skill level 19 in Stealth
 31030 | D:14     | Received a gift from Okawaru
 31330 | D:14     | Reached skill level 1 in Armour
 31861 | D:14     | Reached XP level 15. HP: 72/72 MP: 10/30
 32055 | D:14     | Found a gate to the Vaults.
 32079 | D:14     | You fall through a shaft!
 32079 | D:15     | Entered Level 15 of the Dungeon
 33232 | D:15     | Reached skill level 10 in Slings
 33628 | D:15     | Received a gift from Okawaru
 33720 | D:15     | Reached skill level 5 in Summonings
 33799 | D:15     | Noticed a quicksilver dragon
 33799 | D:15     | an emperor scorpion changed into a quicksilver dragon
 33980 | D:15     | Noticed a sphinx
 33987 | D:15     | Killed a sphinx
 34498 | D:15     | Found a staircase to the Depths.
 34609 | D:12     | Reached skill level 1 in Air Magic
 34706 | Orc:1    | Entered Level 1 of the Orcish Mines
 34706 | Orc:1    | Noticed an orc warlord
 34741 | Orc:1    | Reached skill level 20 in Stealth
 34753 | Orc:1    | Killed an orc warlord
 34776 | Orc:1    | Received a gift from Okawaru
 35005 | Orc:2    | Entered Level 2 of the Orcish Mines
 35095 | Orc:2    | Noticed Donald
 35188 | Orc:1    | Noticed Urug
 35198 | Orc:1    | Noticed Fannar
 35228 | Orc:1    | Killed Fannar
 35241 | Orc:1    | Killed Urug
 35249 | Orc:1    | Found Riqun's Assorted Antiques.
 35349 | Orc:1    | Received a gift from Okawaru
 35795 | Orc:2    | Reached skill level 1 in Poison Magic
 36432 | Orc:1    | You fall through a shaft!
 36632 | Orc:2    | Found Suat's Distillery.
 36632 | Orc:2    | Found Jusol's Magic Scroll Emporium.
 36634 | Orc:2    | Found Fizoc's Jewellery Shop.
 36634 | Orc:2    | Found Janebila's Book Emporium.
 36656 | Orc:2    | Bought a book of Burglary for 1350 gold pieces
 37119 | Orc:2    | Received a gift from Okawaru
 37322 | Orc:2    | Killed Donald
 37383 | Orc:2    | Reached XP level 16. HP: 76/76 MP: 29/31
 37465 | Orc:2    | Found a staircase to the Elven Halls.
 37676 | Orc:2    | Learned a level 6 spell: Invisibility
 37981 | Orc:1    | Bought a translucent dagger for 210 gold pieces
 38025 | Orc:2    | Bought a scroll of identify for 30 gold pieces
 38025 | Orc:2    | Bought 2 scrolls of identify for 60 gold pieces
 38025 | Orc:2    | Bought a scroll of identify for 30 gold pieces
 38025 | Orc:2    | Bought a scroll of identify for 30 gold pieces
 38025 | Orc:2    | Identified the +7 dagger of Jois Piwi {venom, +Inv rC- Str+6} (You bought it in a shop on level 1 of the Orcish Mines)
 38185 | Swamp:1  | Entered Level 1 of the Swamp
 38272 | Swamp:1  | Noticed a thorn hunter
 38392 | Lair:3   | HP: 2/77 [thorn hunter/volley of thorns (36)]
 39341 | Swamp:1  | Reached skill level 15 in Dodging
 40003 | Swamp:2  | Reached skill level 1 in Shields
 40272 | Swamp:2  | Learned a level 2 spell: Passwall
 40277 | Swamp:2  | Learned a level 4 spell: Passage of Golubria
 40537 | Swamp:2  | Received a gift from Okawaru
 40540 | Swamp:2  | Identified the +2 hunting sling "Wickenkie" {freeze, rElec rN+ Str-3 Int+4} (Okawaru gifted it to you on level 2 of the Swamp)
 40739 | Swamp:3  | Reached skill level 1 in Translocations
 41812 | Swamp:4  | Entered Level 4 of the Swamp
 41843 | Swamp:4  | Killed a thorn hunter
 42134 | Swamp:4  | Received a gift from Okawaru
 42546 | Swamp:4  | Reached skill level 5 in Translocations
 43070 | Swamp:4  | Received a gift from Okawaru
 43395 | Swamp:4  | Received a gift from Okawaru
 43425 | Swamp:4  | Got a decaying rune of Zot
 43695 | Snake:1  | Entered Level 1 of the Snake Pit
 43707 | Snake:1  | Noticed Agnes
 43714 | Snake:1  | Killed Agnes
 43716 | Snake:1  | underwhelming...
 43764 | Snake:1  | Reached skill level 10 in Hexes
 44530 | Snake:1  | Reached XP level 17. HP: 24/84 MP: 29/32
 44859 | Snake:1  | Found Anlaodd's Weapon Shop.
 44884 | Snake:1  | Found Dusoh's Weapon Boutique.
 44886 | Snake:1  | Found Eprelaz's Food Shop.
 45564 | Snake:2  | Noticed Jorgrun
 45581 | Snake:2  | Noticed Kirke
 46122 | Snake:2  | Killed Jorgrun
 46377 | Snake:2  | Killed Kirke
 46377 | Snake:2  | Received a gift from Okawaru
 46583 | Snake:2  | Identified the scarf of Dishonour {+Inv rElec Regen+ Dex+2} (Okawaru gifted it to you on level 2 of the Snake Pit)
 46998 | Snake:3  | Found Oneikh's Book Shop.
 47012 | Snake:3  | Noticed Aizul
 47019 | Snake:3  | Killed Aizul
 47136 | Snake:3  | Noticed Saint Roka
 47496 | Snake:3  | Killed Saint Roka
 48391 | Snake:4  | Entered Level 4 of the Snake Pit
 49912 | Snake:3  | Received a gift from Okawaru
 50428 | Snake:4  | Reached XP level 18. HP: 65/93 MP: 33/33
 50748 | Snake:4  | Found a shattered altar of Ashenzari.
 50803 | Snake:4  | Upgraded the game from 0.21-a0-184-g9126a74 to 0.21-a0-185-g3a6ed1e
 51235 | Snake:4  | Received a gift from Okawaru
 51691 | Snake:4  | Reached skill level 5 in Shields
 51793 | Snake:4  | Received a gift from Okawaru
 51994 | Snake:4  | Reached skill level 10 in Fighting
 52121 | Snake:4  | Reached skill level 1 in Staves
 52672 | Snake:4  | Received a gift from Okawaru
 53258 | Snake:4  | Got a serpentine rune of Zot
 53712 | Lair:5   | Got a scintillating pewter ring
 53713 | Lair:5   | Identified the ring "Qat Ber" {MP+9 Dex+5} (You found it on level 5 of the Lair of Beasts)
 54033 | Elf:1    | Entered Level 1 of the Elven Halls
 54063 | Elf:1    | Noticed Helio's ghost (journeyman SpEn)
 54103 | Elf:1    | Reached skill level 21 in Stealth
 54133 | Elf:1    | Killed Helio's ghost
 54900 | Elf:1    | Noticed Nikola
 54906 | Elf:1    | Killed Nikola
 55639 | Orc:1    | Bought a glowing iron wand for 120 gold pieces
 55639 | Orc:1    | Bought a scroll labeled ASIATZUMPE for 30 gold pieces
 55738 | Elf:1    | Reached skill level 5 in Staves
 55912 | Elf:1    | Identified the Handbook of Confrontation
 56007 | Elf:1    | Found a portal to a secret trove of treasure.
 56075 | Elf:2    | Received a gift from Okawaru
 56277 | Elf:2    | Slain by a vampiric glaive

Vault maps used:
D:1:      minmay_arrival_widening_spiral_wide, roderic_roman_lattice,
          minivault_4, grunt_decor_one_mirror
D:2:      kennysheep_six_static_rooms, okawaru_metal_pillars_1_2,
          lemuel_zombie_altar_kikubaaqudgha, uniq_robin, uniq_terence
D:3:      xom_redecorated, first_bread
D:4:      elyvilon_altar_1, minmay_overflow_temple_star_hex,
          minmay_temple_entry_statues_pillars, uniq_crazy_yiuf_cottage,
          uniq_menkaure, uniq_edmund, uniq_blork_the_orc
D:5:      kennysheep_mini, uniq_prince_ribbit1
D:6:      kennysheep_mini_moat, grunt_decor_cap, minmay_crystal_room
D:7:      cheibrodos_worm_habitat, grunt_livestock, serial_bayou_pond_d
D:8:      lair_entry_dummy
D:9:      nicolae_qazlal_general_emergency, david_orc_2
D:10:     serial_shops, shop_fountains, st_stairs_5, lightli_orcish_oven,
          uniq_erica, uniq_sonja
D:13:     serial_shops, nicolae_shop_stone, enter_bailey_3, serial_glass,
          glass_columns_a, glass_columns_b, minmay_statues_item
D:14:     grunt_vaults_entry_tiered, kennysheep_cluttered_room,
          eino_small_chamber_without_monster
D:15:     gammafunk_enter_depths_forms
Lair:1:   beast_lair_carwin_large_3, small_statue_intersection,
          lemuel_fruit_fields
Lair:2:   infiniplex_staircase_pool_2
Lair:3:   minmay_swamp_entry_worms, basic_altar, infiniplex_staircase_pool,
          minmay_lair_oklob_chamber
Lair:4:   guppyfry_snake_entry_garden, basic_altar, tgw_fedhas, uniq_rupert,
          uniq_josephine
Lair:5:   dpeg_slime_entry_corner, basic_altar, ice2_lemuel, lemuel_fruit_tree
Lair:6:   grunt_lair_end_beastmaster, grunt_megastairs_3
Swamp:1:  nicolae_swamp_fairy_circle, swamp_pool4
Swamp:2:  evilmike_swamp_ruin_house_5
Swamp:3:  nicolae_swamp_trees_clearing
Swamp:4:  swamp_icy
Snake:1:  serial_bayou_pond_b, minmay_shop_star, serial_bayou_shore_b,
          uniq_agnes
Snake:2:  uniq_jorgrun, uniq_kirke
Snake:3:  serial_shops, shop_statue, grunt_megastairs_2, uniq_aizul,
          uniq_saint_roka
Snake:4:  grunt_snake_rune_serpentine_throne, basic_altar,
          hangedman_snake_pattern
Orc:1:    serial_shops, nicolae_shop_crystal, uniq_fannar, uniq_urug
Orc:2:    st_orc_ogre_mass, uniq_donald
Elf:1:    nicolae_trove_entry_crystal, minmay_elf_annihilation,
          dk_noncrumbling_4, uniq_nikola
Elf:2:    serial_shops, nicolae_shop_stone
Bailey:   bailey_polearm_5, bailey

Skill      XL: |  1  2  3  4  5  6  7  8  9 10 11 12 13 14 15 16 17 18 |
---------------+-------------------------------------------------------+-----
Spellcasting   | 3 4 5 6 8 9 10 | 10.7
Hexes          | 4 5 6 7 8 9 10 13 | 13.7
Stealth        | 5 6 7 9 11 13 14 16 17 19 20 21 | 21.4
Invocations    | 1 2 3 4 6 7 8 10 11 12 | 12.1
Dodging        | 4 7 10 12 13 14 15 | 15.0
Short Blades   | 4 6 9 10 | 10.2
Fighting       | 4 5 7 9 10 | 10.2
Conjurations   | 1 4 5 |  5.1
Slings         | 9 12 14 | 14.2
Summonings     | 4 5 |  5.3
Armour         | 1 4 |  4.7
Air Magic      | 2 |  2.4
Poison Magic   | 3 |  3.4
Shields        | 2 4 6 |  6.6
Translocations | 6 |  6.5
Staves         | 5 |  5.4

Action                   |  1- 3 |  4- 6 |  7- 9 | 10-12 | 13-15 | 16-18 || total
-------------------------+-------+-------+-------+-------+-------+-------++-------
Melee: Dagger            |    85 |    69 |   186 |   416 |   885 |  2150 ||  3791
       Rapier            |       |       |       |    10 |       |       ||    10
       Punch             |       |       |       |       |     1 |     3 ||     4
 Fire: Hunting sling     |    18 |    67 |     1 |   213 |    42 |       ||   341
       Fustibalus        |       |       |       |       |   542 |   853 ||  1395
Throw: Stone             |       |       |       |       |       |     2 ||     2
 Cast: Corona            |     2 |       |       |       |       |       ||     2
       Ensorcelled Hiber |     8 |    31 |   102 |   208 |   403 |    51 ||   803
       Dazzling Spray    |       |     3 |     5 |    26 |    92 |    50 ||   176
       Confuse           |       |     2 |    18 |    90 |   169 |    76 ||   355
       Tukima's Dance    |       |       |     6 |    15 |       |       ||    21
       Passage of Golubr |       |       |       |       |       |     2 ||     2
       Invisibility      |       |       |       |       |       |     3 ||     3
       Mephitic Cloud    |       |       |       |       |       |     2 ||     2
       Summon Butterflie |       |       |       |       |       |     1 ||     1
Invok: Heroism           |       |       |       |     3 |    10 |    48 ||    61
       Finesse           |       |       |       |       |     1 |    11 ||    12
 Abil: Evoke Flight      |       |       |       |       |     1 |     1 ||     2
Evoke: Wand              |       |       |       |       |     3 |       ||     3
       Phial of floods   |       |       |       |       |       |     1 ||     1
  Use: Scroll            |     2 |     8 |    14 |    16 |    22 |    26 ||    88
       Potion            |       |       |       |       |     4 |     4 ||     8
 Stab: Sleeping          |    10 |    24 |    69 |   115 |   158 |    74 ||   450
       Confused          |       |       |     6 |    23 |    49 |    30 ||   108
       Invisible         |       |       |       |     5 |    33 |    12 ||    50
       Distracted        |       |       |       |     3 |     3 |    12 ||    18
  Eat: Fruit             |       |     1 |     7 |       |    24 |     8 ||    40
       Royal jelly       |       |       |       |     2 |       |     5 ||     7
       Bread ration      |       |       |       |     1 |       |       ||     1
Armor: Robe              |     6 |     7 |    11 |    33 |    24 |    54 ||   135
       Acid dragon scale |       |       |       |       |    53 |       ||    53
       Swamp dragon scal |       |       |       |       |       |    34 ||    34
Dodge: Dodged            |    61 |    51 |   125 |   329 |   991 |  1279 ||  2836
Block: Buckler           |       |       |       |       |       |   645 ||   645
